 Dungeon Crawl Stone Soup version 0.27.0-1-g7a089689b8 (webtiles) character file.

Game seed: 15272976072002750242

21 BbI4ka the Skirmisher (level 2, 0/28 HPs)
             Began as a Naga Berserker on Aug 3, 2021.
             Was a Follower of Trog.
             Slain by a hobgoblin (4 damage)
             ... on level 2 of the Dungeon.
             The game lasted 00:01:34 (1619 turns).

BbI4ka the Skirmisher (Naga Berserker)              Turns: 1619, Time: 00:01:34

Health: 0/28       AC:  1    Str: 19    XL:     2   Next: 83%
Magic:  2/2        EV:  6    Int:  7    God:    Trog [*.....]
Gold:   37         SH:  7    Dex: 10    Spells: 1/1 levels left

rFire    . . .     SeeInvis +   a - +0 falchion
rCold    . . .     Faith    .   c - +0 kite shield
rNeg     . . .     Spirit   .   b - +0 animal skin
rPois    +         Reflect  .   (no helmet)
rElec    .         Harm     .   (no cloak)
rCorr    .         Rampage  .   (no gloves)
Will     .....                  (no barding)
Stlth    +.........             (no amulet)
HPRegen  0.09/turn              (no ring)
MPRegen  0.08/turn              (no ring)

@: very slow
A: AC +0, large, see invisible, deformed body, poison resistance, slowness 2,
spit poison 1, naga tail 1
a: Spit Poison, Renounce Religion, Berserk


You were on level 2 of the Dungeon.
You worshipped Trog.
Trog was aware of your devotion.
You visited 1 branch of the dungeon, and saw 2 of its levels.

You collected 37 gold pieces.

Inventory:

Hand Weapons
 a - a +0 falchion (weapon)
Armour
 b - a +0 animal skin (worn)
 c - a +0 kite shield (worn)
Scrolls
 d - a scroll of amnesia {unknown}
 e - a scroll of identify {unknown}
 f - a scroll of enchant armour {unknown}


   Skills:
 + Level 3.4 Fighting
 + Level 3.3 Long Blades
 + Level 1.6 Armour
 + Level 1.7 Dodging
 + Level 0.4 Stealth


You had one spell level left.
You didn't know any spells.
Your spell library was empty.

Dungeon Overview and Level Annotations

Branches:
Dungeon (2/15)

Altars:


Innate Abilities, Weirdness & Mutations

Your serpentine skin is tough. (AC +0)
You have supernaturally acute eyesight. (SInv)
Armour fits poorly on your strangely shaped body.
Your system is resistant to poisons. (rPois)
You cover ground very slowly.
You can spit poison.
You have a snake-like lower body.


Message History

Found a stone staircase leading down.
A hobgoblin comes into view.
The hobgoblin shouts!
The endoplasm quivers.
You block the endoplasm's attack.
You hit the endoplasm.
You kill the endoplasm!
Trog accepts your kill. The hobgoblin hits you.
A goblin comes into view. It is wielding a +1 dagger of speed.
The goblin shouts!
You hit the hobgoblin but do no damage. You block the hobgoblin's attack.
The hobgoblin hits you.
You hit the hobgoblin but do no damage. The hobgoblin barely misses you.
You riposte.
You barely miss the hobgoblin. You hit the hobgoblin but do no damage.
The hobgoblin hits you but does no damage.
You hit the hobgoblin.
The hobgoblin is lightly wounded.
The hobgoblin hits you. x2
You closely miss the hobgoblin.
The hobgoblin is lightly wounded.
The hobgoblin barely misses you.
The goblin hits you with a +1 dagger of speed. x2
You are too injured to fight recklessly!
You are too injured to fight recklessly!
You are too injured to fight recklessly!
You are too injured to fight recklessly!
You closely miss the goblin.
A bat comes into view.
The hobgoblin hits you.
The goblin hits you with a +1 dagger of speed.
The hobgoblin hits you.
* * * LOW HITPOINT WARNING * * *
The goblin hits you with a +1 dagger of speed.
* * * LOW HITPOINT WARNING * * *
The bat moves out of view.
You barely miss the goblin. You block the goblin's attack.
The hobgoblin hits you.
You die...

#P.#.# #<### P.
#P.#.# #≈≈≈≈ ###
##.#.# #≈≈≈≈ ..
# #.# #≈≈≈≈ ..
###.# #≈≈≈≈ # #.
#...# ##≈≈≈
..##.#. #..##
#≈≈≈
......g######.##
##≈≈ #@......#
#≈≈ #..g.>.##..#
#≈≈ #########+##
##≈ #≈ ##≈ #≈≈
#≈≈ ##≈≈ #≈≈≈


You could see a hobgoblin and a goblin.

Vanquished Creatures
  3 endoplasms
  A goblin (D:1)
  4 jackals (D:1)
  2 quokkas
  A ball python (D:1)
  2 bats (D:1)
  A frilled lizard (D:1)
  3 kobolds
  A rat (D:2)
18 creatures vanquished.

Notes
Turn   | Place    | Note
-------+----------+-------------------------------------------
     0 | D:1      | BbI4ka the Naga Berserker began the quest for the Orb.
     0 | D:1      | Reached XP level 1. HP: 21/21 MP: 1/1
   436 | D:1      | Reached XP level 2. HP: 27/28 MP: 2/2
  1138 | D:1      | Found a faded altar of an unknown god.
  1619 | D:2      | Slain by a hobgoblin

Illustrated notes

Levels and vault maps discovered:
D:1:      minmay_arrival_solitary_statue, layout_loops_ring,
          dilly_ecumenical_altar_fadedgnrine, minmay_door_square,
          chequers_serial_rivers_marsh, serial_park_tiny_1
D:2:      wander_river, layout_basic, basic_altar, serial_aquarium,
          aquarium_bridge_square [aquarium_subvault_bridge,
          aquarium_subvault_window, aquarium_subvault_bridge,
          aquarium_subvault_bridge], aquarium_bridge_square
          [aquarium_subvault_bridge, aquarium_subvault_bridge,
          aquarium_subvault_window, aquarium_subvault_bridge],
          aquarium_window_fake, aquarium_window_1, aquarium_window_1,
          aquarium_window_fake, aquarium_view_2b, aquarium_pool_four,
          roderic_serpentine_path

Action                   || total
-------------------------++-------
Melee: Falchion          ||    73
Armor: Animal skin       ||    26
Dodge: Dodged            ||    43
Block: Kite shield       ||    30
       Rpst.: Falchion   ||    13
